 Seeded DCSS version 0.30-a0-329-g85436e0a43 (webtiles) character file.

Game seed: 1297653594421506350 (custom seed)

43 purpskrrrp the Shooter (level 3, -1/21 HPs)
             Began as a Kobold Hunter on Oct 28, 2022.
             Shot with a sling bullet by a gnoll (7 damage)
             ... on level 2 of the Dungeon.
             The game lasted 00:00:59 (676 turns).

purpskrrrp the Shooter (Kobold Hunter)               Turns: 676, Time: 00:01:00

Health: -1/21      AC:  3    Str:  8    XL:     3   Next: 82%
Magic:  3/3        EV: 14    Int: 10    God:
Gold:   86         SH:  0    Dex: 20    Spells: 2/2 levels left

rFire   . . .      SeeInvis .    a - +0 shortbow
rCold   . . .      Faith    .    (shield currently unavailable)
rNeg    . . .      Spirit   .    c - +0 leather armour
rPois   .          Reflect  .    (no helmet)
rElec   .          Harm     .    (no cloak)
rCorr   .          Rampage  .    (no gloves)
Will    .....                    (no boots)
Stlth   +++.......               (no amulet)
HPRegen 0.23/turn                (no ring)
MPRegen 0.08/turn                (no ring)

@: no status effects
A: small, no large weapons, nightstalker 3
a: no special abilities


You were on level 2 of the Dungeon.
You visited 1 branch of the dungeon, and saw 2 of its levels.

You collected 86 gold pieces.

Inventory:

Hand Weapons
 a - a +0 shortbow (weapon)
Armour
 c - a +0 leather armour (worn)
Scrolls
 b - 2 scrolls of immolation
 g - 3 scrolls of identify {unknown}
 h - 2 scrolls of blinking {unknown}
 i - a scroll of summoning {unknown}
Potions
 d - a potion of ambrosia {unknown}
 e - 2 potions of curing {unknown}
 f - 2 potions of resistance {unknown}
 j - a potion of lignification {unknown}
 k - a potion of mutation {unknown}


   Skills:
 - Level 2.1 Fighting
 + Level 6.9 Ranged Weapons
 - Level 2.4 Dodging
 - Level 1.3 Stealth


You had 2 spell levels left.
You didn't know any spells.
Your spell library was empty.

Dungeon Overview and Level Annotations

Branches:
Dungeon (2/15)

Altars:

Shops:
D:2 =


Innate Abilities, Weirdness & Mutations

You are small and have problems with some larger weapons.
You are completely attuned to the shadows.


Message History

No target in view!
No target in view!
No target in view!
No target in view!
No target in view!
No target in view!
No target in view!
No target in view!
No target in view!
No target in view!
No target in view!
No target in view!
No target in view!
No target in view!
No target in view!
HP restored.
You see here a frilled lizard corpse.
k - a glowing brown potion You see here a frilled lizard corpse.
You see here an adder corpse.
Found a leather armour.
A gnoll comes into view. It is wielding a +0 whip.
The gnoll moves out of view.
A gnoll comes into view.
It is wielding the +9 sling "Demonbane" {flame, Fragile rF+ Will+ Stlth+}.
The gnoll moves out of view.
A gnoll is nearby!
A gnoll is nearby!
A gnoll is nearby!
You shoot an arrow. The arrow barely misses the gnoll.
The gnoll shouts!
You hear a shout! x3
There are monsters nearby!
You shoot an arrow. The gnoll shouts!
The arrow hits the gnoll but does no damage.
You hear a shout!
The gnoll shoots a sling bullet.
The sling bullet hits you!
Ouch! That really hurt!
* * * LOW HITPOINT WARNING * * *
The sling bullet burns you!
You die...

#..... #.# ...g#
#.# g.. #.# #.#
#.# #@# ##.##
#.# ##...## #.#
##.###.####.##
#.## ##.##...###
#.# #........#
#.## ##.##...#.#
#..###...##.##.#
#.#.<.......##.#


You could see 2 gnolls.

Vanquished Creatures
  2 adders (D:2)
  A worm (D:2)
  4 ball pythons
  3 bats
  An endoplasm (D:1)
  A giant cockroach (D:1)
  2 goblins (D:1)
  3 hobgoblins (D:1)
  A kobold (D:1)
  A quokka (D:1)
  2 frilled lizards
  A rat (D:2)
22 creatures vanquished.

Vanquished Creatures (others)
  2 plants (D:1)
2 creatures vanquished.

Grand Total: 24 creatures vanquished

Notes
Turn   | Place    | Note
-------+----------+-------------------------------------------
     0 | D:1      | purpskrrrp the Kobold Hunter began the quest for the Orb.
     0 | D:1      | Reached XP level 1. HP: 12/12 MP: 1/1
    33 | D:1      | Reached XP level 2. HP: 17/17 MP: 2/2
    39 | D:1      | Reached skill level 6 in Ranged Weapons
   500 | D:2      | Reached XP level 3. HP: 21/21 MP: 3/3
   557 | D:2      | Found Rymnobb's Jewellery Emporium.
   674 | D:2      | Identified the +9 sling "Demonbane" {flame, Fragile rF+
                  | Will+ Stlth+}
   676 | D:2      | Shot with a sling bullet by a gnoll

Illustrated notes

Levels and vault maps discovered:
D:1:      eino_arrival_water_cross, layout_rooms
D:2:      layout_loops_ring, serial_shops, shop,
          amcnicky_mini_rare_corridor_liquid

Skill      XL: |  1  2 |
---------------+-------+-----
Ranged Weapons | 6 |  6.9
Fighting       | |  2.1
Dodging        | |  2.4
Stealth        | |  1.3

Action                   || total
-------------------------++-------
 Fire: Shortbow          ||    63
Armor: Leather armour    ||     8
Dodge: Dodged            ||    23

Table legend: (Time is in decaauts)
 A = Elapsed time spent in this place.
 B = Non-inter-level travel time spent in this place.
 C = Inter-level travel time spent in this place.
 D = Time resting spent in this place.
 E = Time spent auto-exploring this place.
 F = Levels seen in this place.
 G = Mean time per level.
                   A        B        C        D        E       F      G
               +--------+--------+--------+--------+--------+-----+--------+
         Total |    690 |    680 |     10 |      0 |    561 |   2 |  345.0 |
       Dungeon |    690 |    680 |     10 |      0 |    561 |   2 |  345.0 |
               +--------+--------+--------+--------+--------+-----+--------+

Top non-repeatable levels by time:
     D:1: 473 daAuts
     D:2: 217 daAuts
